 Dungeon Crawl Stone Soup version 0.28-a0-309-gf6d37e6e1d (webtiles) character file.

Game seed: 17634004501701244640

291 McIrco the Cutter (level 6, -2/39 HPs)
             Began as a Kobold Berserker on Aug 30, 2021.
             Was a Believer of Trog.
             Slain by a kobold brigand (4 damage)
             ... on level 4 of the Dungeon.
             The game lasted 00:03:45 (4311 turns).

McIrco the Cutter (Kobold Berserker)                Turns: 4311, Time: 00:03:46

Health: -2/39      AC:  4    Str: 16    XL:     6   Next: 59%
Magic:  6/6        EV: 15    Int:  9    God:    Trog [**....]
Gold:   67         SH:  0    Dex: 14    Spells: 5/5 levels left

rFire   . . .      SeeInvis .   a - +0 short sword
rCold   . . .      Faith    .   (shield restricted)
rNeg    . . .      Spirit   .   b - +0 animal skin
rPois   .          Reflect  .   (no helmet)
rElec   .          Harm     .   (no cloak)
rCorr   .          Rampage  .   g - +0 pair of gloves
Will    .....                   c - +0 pair of boots
Stlth   ++++......              (no amulet)
HPRegen 0.13/turn               (no ring)
MPRegen 0.10/turn               (no ring)

@: on berserk cooldown, slowed, very slow
A: small, no large weapons, nightstalker 3
a: Renounce Religion, Berserk, Trog's Hand


You were on level 4 of the Dungeon.
You worshipped Trog.
Trog was pleased with you.
You visited 1 branch of the dungeon, and saw 4 of its levels.

You collected 67 gold pieces.

Inventory:

Hand Weapons
 a - a +0 short sword (weapon)
Armour
 b - a +0 animal skin (worn)
 c - a +0 pair of boots (worn)
 g - a +0 pair of gloves (worn)
Wands
 l - a wand of paralysis (4)
Scrolls
 f - 2 scrolls of identify {unknown}
 h - a scroll of enchant weapon {unknown}
 i - 2 scrolls of teleportation {unknown}
 j - 2 scrolls of noise {unknown}
 k - a scroll of magic mapping {unknown}
Potions
 d - a potion of heal wounds
 e - 2 potions of curing {unknown}


   Skills:
 + Level 4.3 Fighting
 + Level 6.2 Short Blades
 + Level 1.9 Armour
 + Level 3.8 Dodging
 + Level 4.3 Stealth


You had 5 spell levels left.
You didn't know any spells.
Your spell library was empty.

Dungeon Overview and Level Annotations

Branches:
Dungeon (4/15)
 Temple: D:4-7

Altars:
Zin


Innate Abilities, Weirdness & Mutations

You are small and have problems with some larger weapons.
You are completely attuned to the shadows.


Message History

You start resting.
You feel a strong urge to attack something.
You start resting.
You feel your anger nearly subside.
You start resting.
You are no longer berserk.
You are exhausted.
You feel yourself slow down.
A kobold brigand comes into view.
It is wielding a +0 club and quivering curare-tipped darts.
A kobold brigand is nearby!
Items here: )) [[ ††.
You barely miss the kobold brigand. The kobold brigand misses you.
You puncture the kobold brigand!
The kobold brigand is moderately wounded.
The kobold brigand closely misses you.
You hit the kobold brigand.
The kobold brigand is heavily wounded.
The kobold brigand barely misses you.
You barely miss the kobold brigand.
The kobold brigand is heavily wounded.
The kobold brigand hits you with a +0 club.
You hit the kobold brigand but do no damage.
The kobold brigand is heavily wounded.
The kobold brigand hits you with a +0 club.
You closely miss the kobold brigand.
The kobold brigand is heavily wounded.
The kobold brigand hits you with a +0 club.
The kobold brigand closely misses you.
You closely miss the kobold brigand.
The kobold brigand is heavily wounded.
The kobold brigand hits you with a +0 club!
* * * LOW HITPOINT WARNING * * *
You closely miss the kobold brigand.
The kobold brigand is heavily wounded.
The kobold brigand hits you with a +0 club.
* * * LOW HITPOINT WARNING * * *
You closely miss the kobold brigand.
The kobold brigand is heavily wounded.
The kobold brigand hits you with a +0 club.
You die...

#.......# #
#.#.##.##
#.#.##.#
#......##
#....#
###(....###....
###...........
.
#...##.#.#.#z#
#...##.#K#(#5#
#......#@#o.#.#
#..##..#)#...#
#..##..#.......
#..>...........
#####..........
######.....
#...


You could see a kobold brigand.

Vanquished Creatures
  A scorpion (D:4)
  A wight (D:4)
  A hound (D:3)
  A gnoll shaman (D:4)
  Jessica (D:2)
  A gnoll (D:2)
  3 adders
  An ufetubus (D:4)
  3 dart slugs (D:1)
  4 orcs (D:4)
  4 ball pythons (D:1)
  9 bats
  3 endoplasms
  8 goblins
  7 hobgoblins
  4 quokkas
  7 frilled lizards
  2 kobolds (D:1)
  3 rats
64 creatures vanquished.

Notes
Turn   | Place    | Note
-------+----------+-------------------------------------------
     0 | D:1      | McIrco the Kobold Berserker began the quest for the Orb.
     0 | D:1      | Reached XP level 1. HP: 14/14 MP: 1/1
   193 | D:1      | Reached XP level 2. HP: 17/19 MP: 2/2
   557 | D:1      | Reached XP level 3. HP: 9/24 MP: 3/3
  1101 | D:1      | Reached ** piety under Trog
  1614 | D:2      | Reached skill level 1 in Stealth
  1872 | D:2      | Reached XP level 4. HP: 23/29 MP: 1/4
  1971 | D:2      | Noticed Jessica
  1979 | D:2      | Killed Jessica
  1980 | D:2      | Reached skill level 5 in Short Blades
  2519 | D:2      | Reached XP level 5. HP: 26/33 MP: 5/5
  3483 | D:3      | Found a glowing silver altar of Zin.
  4139 | D:4      | Reached XP level 6. HP: 6/38 MP: 6/6
  4141 | D:4      | HP: 1/38 [poisoned by a scorpion]
  4285 | D:4      | Reached skill level 6 in Short Blades
  4311 | D:4      | Slain by a kobold brigand

Illustrated notes

Levels and vault maps discovered:
D:1:      dpeg_arrival_short_road, layout_loops_ring, minmay_3d_cube
D:2:      layout_basic, corexii_item_surrounded_by_moat, dk_noncrumbling_2,
          hangedman_decor_riveting, minmay_close_crescents, uniq_jessica
D:3:      minmay_angry_zag, layout_basic, mainiacjoe_overflow_chevrons,
          serial_rivers, chequers_serial_rivers_large_a,
          chequers_serial_rivers_small_b, chequers_serial_rivers_micro_e,
          chequers_serial_rivers_micro_c, chequers_serial_rivers_micro_e
D:4:      layout_loops_cross, mainiacjoe_overflow_small_starburst, serial_shops,
          shop, shop, minmay_manual_mess

Skill      XL: |  1  2  3  4  5  6 |
---------------+-------------------+-----
Fighting       | 4 |  4.3
Stealth        | 1 2 3 4 |  4.3
Short Blades   | 5 6 |  6.2
Dodging        | 3 |  3.8
Armour         | |  1.9

Action                   |  1- 3 |  4- 6 || total
-------------------------+-------+-------++-------
Melee: Short sword       |   136 |   127 ||   263
Invok: Berserk           |       |     3 ||     3
  Use: Potion            |       |     1 ||     1
 Stab: Sleeping          |     9 |     8 ||    17
Armor: Animal skin       |    13 |     3 ||    16
Dodge: Dodged            |    94 |    70 ||   164

Table legend: (Time is in decaauts)
 A = Elapsed time spent in this place.
 B = Non-inter-level travel time spent in this place.
 C = Inter-level travel time spent in this place.
 D = Time resting spent in this place.
 E = Time spent auto-exploring this place.
 F = Levels seen in this place.
 G = Mean time per level.
                   A        B        C        D        E       F      G
               +--------+--------+--------+--------+--------+-----+--------+
         Total |   4309 |   4155 |    154 |     82 |   3614 |   4 | 1077.2 |
       Dungeon |   4309 |   4155 |    154 |     82 |   3614 |   4 | 1077.2 |
               +--------+--------+--------+--------+--------+-----+--------+

Top non-repeatable levels by time:
     D:1: 1483 daAuts
     D:3: 1292 daAuts
     D:2: 1243 daAuts
     D:4: 291 daAuts
